 Dungeon Crawl Stone Soup version 0.31-a0-819-gf6de2f5ab6 (webtiles) character file.

Game seed: 664063922542226925

50 Sabo the Chopper (level 3, -1/27 HPs)
             Began as a Demonspawn Gladiator on Sept 17, 2023.
             Slain by Natasha (8 damage)
             ... on level 2 of the Dungeon on Sept 23, 2023.
             The game lasted 00:05:35 (1188 turns).

Sabo the Chopper (Demonspawn Gladiator)             Turns: 1188, Time: 00:05:36

Health: -1/27      AC:  7    Str: 16    XL:     3   Next: 55%
Magic:  3/3        EV: 11    Int:  9    God:
Gold:   67         SH:  0    Dex: 14    Spells: 2/2 levels left

rFire   . . .        a - +0 war axe
rCold   . . .        (no shield)
rNeg    . . .        h - +0 ring mail
rPois   .            c - +0 helmet
rElec   .            (no cloak)
rCorr   .            i - +0 pair of gloves
SInv    .            (no boots)
Will    .....        (no amulet) Stlth
                     (no ring)
HPRegen 0.24/turn    (no ring)
MPRegen 0.08/turn

%: no passive effects
@: confused
A: powered by pain 1
a: no special abilities


You were on level 2 of the Dungeon.
You visited 1 branch of the dungeon, and saw 2 of its levels.

You collected 67 gold pieces.

Inventory:

Hand Weapons
 a - a +0 war axe (weapon)
Missiles
 d - 3 throwing nets (quivered)
 e - a javelin
Armour
 c - a +0 helmet (worn)
 h - a +0 ring mail (worn)
 i - a +0 pair of gloves (worn)
Scrolls
 b - a scroll of fear {unknown}
Potions
 f - a potion of lignification {unknown}
 g - a potion of invisibility {unknown}


   Skills:
 + Level 2.2 Fighting
 + Level 3.3 Axes
 + Level 2.0 Throwing
 + Level 0.5 Armour
 + Level 3.2 Dodging
 + Level 0.1 Stealth


You had 2 spell levels left.
You didn't know any spells.
Your spell library was empty.

Dungeon Overview and Level Annotations

Branches:
Dungeon (2/15)

Altars:

Annotations:
D:2 Natasha, Sigmund


Innate Abilities, Weirdness & Mutations

You sometimes gain a little power by taking damage.


Message History

HP restored.
There is a stone staircase leading up here.
Things that are here:
a +0 short sword; a kobold corpse A kobold comes into view.
It is wielding a +0 short sword.
The kobold shouts!
You hear a shout!
Found 7 gold pieces.
The kobold hits you but does no damage.
Sigmund the Dreaded comes into view.
He is wielding a +0 scythe and wearing a +1 robe of willpower.
You hit the kobold.
You kill the kobold!
Sigmund gestures at you while chanting. The puff of flame misses you.
You see here a +0 short sword.
Sigmund gestures at you while chanting. The puff of flame misses you.
Sigmund hits you but does no damage. Sigmund barely misses you.
You barely miss Sigmund. Sigmund hits you with a +0 scythe!
You hit Sigmund.
Sigmund is moderately wounded.
Natasha, Servant of Life and Death comes into view.
You hit Sigmund.
Sigmund is moderately wounded.
Sigmund casts a spell at you. The puff of flame hits you!
Sigmund casts a spell at you.
You are confused.
You're too confused to move!
Natasha stares at you and mumbles some strange words.
You resist with significant effort. Sigmund hits you but does no damage.
You hit Sigmund.
Sigmund is moderately wounded.
You hit Natasha. Natasha claws you.
* * * LOW HITPOINT WARNING * * *
Sigmund barely misses you.
Found an escape hatch in the ceiling.
Natasha attacks as she pursues you! Natasha claws you!
You die...
Natasha curls up and begins to purr.

... ...##
.....####
........ ##
.##.....####...
...........<.
........h.##
.......@@..#
...........#
$..........#
..........##
....#..).##
.#####..##
###.# ##...##
##.....##


You could see Sigmund and Natasha.

Vanquished Creatures
  2 gnolls (D:1)
  A dart slug (D:1)
  4 bats (D:1)
  An endoplasm (D:1)
  A giant cockroach (D:1)
  5 goblins (D:1)
  A hobgoblin (D:1)
  4 jackals (D:1)
  5 ball pythons (D:1)
  2 kobolds (D:2)
  A rat (D:1)
27 creatures vanquished.

Notes
Turn   | Place    | Note
-------+----------+-------------------------------------------
     0 | D:1      | Sabo the Demonspawn Gladiator began the quest for the Orb.
     0 | D:1      | Reached XP level 1. HP: 16/16 MP: 1/1
   252 | D:1      | Gained mutation: You sometimes gain a little power by
                  | taking damage. [demonic ancestry]
   252 | D:1      | Reached XP level 2. HP: 8/22 MP: 2/2
   701 | D:1      | Reached XP level 3. HP: 25/27 MP: 3/3
   914 | D:1      | Upgraded the game from 0.31-a0-774-g0d66cbabe8 to
                  | 0.31-a0-819-gf6de2f5ab6
  1176 | D:2      | Noticed Sigmund
  1184 | D:2      | Noticed Natasha
  1188 | D:2      | Slain by Natasha

Illustrated notes

Levels and vault maps discovered:
D:1:      amcnicky_arrival_flooded_fountain, layout_loops_corners,
          palyth_stone_intersect, chequers_avenue, nicolae_grassy_gnolls
D:2:      layout_rooms, minmay_door_square, uniq_sigmund, uniq_natasha,
          uniq_robin

Skill      XL: |  1  2 |
---------------+-------+-----
Dodging        | 3 |  3.2
Axes           | 3 |  3.3
Throwing       | 2 |  2.0
Fighting       | |  2.2
Armour         | |  0.5
Stealth        | |  0.1

Action                     || total
---------------------------++-------
  Melee: War axe           ||    78
 Armour: Leather armour    ||    19
         Ring mail         ||    50
  Dodge: Dodged            ||    64

Table legend: (Time is in decaauts)
 A = Elapsed time spent in this place.
 B = Non-inter-level travel time spent in this place.
 C = Inter-level travel time spent in this place.
 D = Time resting spent in this place.
 E = Time spent auto-exploring this place.
 F = Levels seen in this place.
 G = Mean time per level.
                   A        B        C        D        E       F      G
               +--------+--------+--------+--------+--------+-----+--------+
         Total |   1215 |   1215 |      0 |    138 |      0 |   2 |  607.5 |
       Dungeon |   1215 |   1215 |      0 |    138 |      0 |   2 |  607.5 |
               +--------+--------+--------+--------+--------+-----+--------+

Top non-repeatable levels by time:
     D:1: 1173 daAuts
     D:2: 41 daAuts
